 Dungeon Crawl Stone Soup version 0.30-a0-414-gcb316572d5 (webtiles) character file.

Game seed: 16901651144034808460

140 cforsyth the Chopper (level 5, 0/76 HPs)
             Began as a Hill Orc Monk on Dec 7, 2022.
             Succumbed to a scorpion's poison
             ... on level 4 of the Dungeon.
             The game lasted 00:05:08 (2618 turns).

cforsyth the Chopper (Hill Orc Monk)                Turns: 2618, Time: 00:05:08

Health: 0/76       AC:  6    Str: 22    XL:     5   Next: 23%
Magic:  5/5        EV: 11    Int: 10    God:
Gold:   109        SH:  0    Dex: 13    Spells: 4/4 levels left

rFire   . . .      SeeInvis .    a - +0 hand axe
rCold   . . .      Faith    .    (no shield)
rNeg    . . .      Spirit   .    p - +0 scale mail
rPois   .          Reflect  .    (helmet restricted)
rElec   .          Harm     .    (no cloak)
rCorr   +          Rampage  .    (no gloves)
Will    .....      Clarity  +    (no boots)
Stlth   ..........               (no amulet)
HPRegen 0.32/turn                h - ring of resist corrosion
MPRegen 0.09/turn                k - +6 ring of strength

@: mighty, berserking, lethally poisoned (0 -> -16), hasted, very quick
A: antennae 1, clarity, robust 1, sturdy frame 1
a: no special abilities


You were on level 4 of the Dungeon.
You visited 1 branch of the dungeon, and saw 4 of its levels.

You collected 109 gold pieces.

Inventory:

Hand Weapons
 a - a +0 hand axe (weapon)
Armour
 p - a +0 scale mail (worn)
Jewellery
 h - a ring of resist corrosion (left hand)
 i - a +4 ring of evasion
 k - a +6 ring of strength (right hand)
 s - a +6 ring of dexterity
Scrolls
 e - 2 scrolls of noise {unknown}
 f - 4 scrolls of identify {unknown}
 g - 3 scrolls of teleportation {unknown}
 n - a scroll of torment {unknown}
 o - a scroll of amnesia {unknown}
 r - a scroll of immolation {unknown}
Potions
 c - 2 potions of ambrosia
 d - a potion of degeneration {unknown}
 j - a potion of haste
 m - a potion of resistance {unknown}


   Skills:
 + Level 4.6 Fighting
 + Level 5.1 Axes
 + Level 3.1 Dodging
 + Level 2.6 Stealth


You had 4 spell levels left.
You didn't know any spells.
Your spell library contained the following spells:

 Spells                   Type           Power      Damage    Failure   Level
 Summon Guardian Golem    Hex/Summ       0%         N/A       91%         3
 Orb of Destruction       Conj           0%         9d5       100%        7
 Spellforged Servitor     Conj/Summ      0%         N/A       100%        7


Dungeon Overview and Level Annotations

Branches:
Dungeon (4/15)
 Temple: D:4-7

Altars:

Shops:
D:1 :   D:3 [*=


Innate Abilities, Weirdness & Mutations

You have a pair of small antennae on your head.
You possess an exceptional clarity of mind.
You are robust. (+10% HP)
Your movements are slightly less encumbered by armour. (ER -2)


Message History

You feel sick. The scorpion misses you.
The scorpion stings you but does no damage.
You closely miss the scorpion.
The scorpion is heavily wounded.
You feel sick. The scorpion closely misses you.
You closely miss the scorpion.
The scorpion is heavily wounded.
You feel sick.
You are no longer poisoned.
The scorpion stings you but does no damage.
You hit the scorpion but do no damage.
The scorpion is moderately wounded.
The scorpion stings you.
* * * LOW HITPOINT WARNING * * *
You hit the scorpion but do no damage.
The scorpion is moderately wounded.
The scorpion barely misses you. The scorpion closely misses you.
It was a potion of haste.
You feel yourself speed up. The scorpion stings you.
* * * LOW HITPOINT WARNING * * *
You are lethally poisoned!
The scorpion poisons you!
It was a potion of might.
You feel very mighty all of a sudden.
* * * LOW HITPOINT WARNING * * *
You feel very sick. The scorpion barely misses you.
It was a potion of mutation.
You feel extremely strange.
You feel less encumbered by your armour.
Your thoughts seem clearer.
You feel robust. A pair of antennae grows on your head!
* * * LOW HITPOINT WARNING * * *
You feel sick. The scorpion stings you.
* * * LOW HITPOINT WARNING * * *
You are more poisoned.
The scorpion poisons you!
Unknown command.
It was a potion of berserk rage.
A red film seems to cover your vision as you go berserk!
You feel yourself moving faster!
You feel mighty!
You die...

# #. #### #.
#.... ##.##..
.## ###.....
.$##
#....s.###...##
#...@.#..# .#.#
##.##...##...##.
# ##.#........
#.#.#...###
#.#.# .## #.#.#
# #.... ###.#
#.#


You could see a scorpion.

Vanquished Creatures
  A hound (D:3)
  Terence (D:2)
  An adder (D:3)
  A worm (D:2)
  4 orcs (D:3)
  3 bats (D:1)
  8 endoplasms
  6 giant cockroaches
  4 goblins
  5 hobgoblins
  4 jackals
  4 quokkas
  7 ball pythons
  2 frilled lizards
  4 kobolds
  15 rats
70 creatures vanquished.

Notes
Turn   | Place    | Note
-------+----------+-------------------------------------------
     0 | D:1      | cforsyth the Hill Orc Monk began the quest for the Orb.
     0 | D:1      | Reached XP level 1. HP: 19/19 MP: 1/1
   107 | D:1      | Reached XP level 2. HP: 27/27 MP: 2/2
   153 | D:1      | Found Owuica's Book Shoppe.
   305 | D:1      | Reached XP level 3. HP: 31/33 MP: 3/3
  1602 | D:2      | Noticed Terence
  1618 | D:2      | Killed Terence
  1619 | D:2      | Reached XP level 4. HP: 12/41 MP: 4/4
  2103 | D:3      | Found Mygak's Jewellery Shop.
  2165 | D:3      | Found Quoleg's General Store.
  2212 | D:3      | Found Waumpyti's Armour Shoppe.
  2258 | D:3      | Identified the +6 hand axe "Mynom" {flame, Contam rPois
                  | Will+++ Str+2}
  2397 | D:3      | Reached skill level 5 in Axes
  2546 | D:4      | Noticed a scorpion
  2560 | D:3      | Reached XP level 5. HP: 37/47 MP: 5/5
  2617 | D:4      | Gained mutation: Your movements are slightly less
                  | encumbered by armour. (ER -2) [potion of mutation]
  2617 | D:4      | Gained mutation: You possess an exceptional clarity of
                  | mind. [potion of mutation]
  2617 | D:4      | Gained mutation: You are robust. (+10% HP) [potion of
                  | mutation]
  2617 | D:4      | Gained mutation: You have a pair of small antennae on your
                  | head. [potion of mutation]
  2617 | D:4      | HP: 1/51 [scorpion (4)]
  2618 | D:4      | Succumbed to a scorpion's poison

Illustrated notes

Levels and vault maps discovered:
D:1:      dpeg_arrival_tiny_k, layout_basic, serial_shops, nicolae_shop_crystal
D:2:      layout_loops_ring, uniq_terence
D:3:      layout_basic, serial_shops, nicolae_shop_advertising_works
          [nicolae_subvault_shop_adworks], shop_fountains, shop,
          glass_columns_a, kennysheep_doodads
D:4:      layout_loops_ring, nicolae_gozag_seed_capital

Skill      XL: |  1  2  3  4 |
---------------+-------------+-----
Fighting       | 4 |  4.6
Stealth        | 2 |  2.6
Dodging        | 3 |  3.1
Axes           | 5 |  5.1

Action                   |  1- 3 |  4- 6 || total
-------------------------+-------+-------++-------
Melee: Hand axe          |   156 |   102 ||   258
       Punch             |     1 |     1 ||     2
  Use: Potion            |       |     4 ||     4
 Stab: Sleeping          |     6 |       ||     6
Armor: Robe              |    14 |       ||    14
       Scale mail        |       |    39 ||    39
Dodge: Dodged            |    89 |    64 ||   153

Table legend: (Time is in decaauts)
 A = Elapsed time spent in this place.
 B = Non-inter-level travel time spent in this place.
 C = Inter-level travel time spent in this place.
 D = Time resting spent in this place.
 E = Time spent auto-exploring this place.
 F = Levels seen in this place.
 G = Mean time per level.
                   A        B        C        D        E       F      G
               +--------+--------+--------+--------+--------+-----+--------+
         Total |   2634 |   2567 |     67 |     36 |   1952 |   4 |  658.5 |
       Dungeon |   2634 |   2567 |     67 |     36 |   1952 |   4 |  658.5 |
               +--------+--------+--------+--------+--------+-----+--------+

Top non-repeatable levels by time:
     D:2: 1025 daAuts
     D:1: 953 daAuts
     D:3: 617 daAuts
     D:4: 39 daAuts
